 Dungeon Crawl Stone Soup version 0.30-a0-1043-g60ff8d5f49 (webtiles) character file.

Game seed: 8831733898219531788

189901 kougar the Warrior (level 17, -8/252 HPs)
             Began as a Minotaur Fighter on Apr 10, 2023.
             Was the Champion of Okawaru.
             Mangled by a nagaraja
             ... wielding a +0 spear
              (31 damage)
             ... on level 4 of the Snake Pit.
             The game lasted 02:54:40 (30047 turns).

kougar the Warrior (Minotaur Fighter)              Turns: 30047, Time: 02:54:48

Health: -8/252     AC: 28    Str: 25    XL:     17   Next: 52%
Magic:  22/23      EV: -1    Int:  7    God:    Okawaru [******]
Gold:   3764       SH: 22    Dex: 19    Spells: 16/16 levels left

rFire   . . .      SeeInvis .    A - +8 mithril axe "Arga" {speed, Will+}
rCold   . . .      Faith    .    V - +0 kite shield "Gaudalel" {Regen+}
rNeg    . . .      Spirit   .    S - melded +5 gold dragon scales
rPois   +          Reflect  +    u - melded +0 hat {Will+}
rElec   .          Rampage  .    (cloak currently unavailable)
rCorr   +          NoTele   +    O - melded +2 pair of gloves {Str+3}
Will    +++..                    z - melded +2 pair of boots {Fly}
Stlth   +++                      b - amulet of reflection
HPRegen 1.42/turn                q - ring of willpower
MPRegen 0.18/turn                t - ring of Fisiapaw {rCorr Dex+7}

@: lethally poisoned (-8 -> -9), tree-form, heroic, slowed, constricted,
studying 2 skills, very slow
A: stationary, stasis, torment immunity, boosted hp, (horns 2), (retaliatory
headbutt)
}: 1/15 runes: serpentine
a: Renounce Religion, Heroism, Finesse, Duel


You were on level 4 of the Snake Pit.
You worshipped Okawaru.
Okawaru was exalted by your worship.
You were a tree.
You visited 6 branches of the dungeon, and saw 28 of its levels.
You also visited: Ossuary, Bailey and Gauntlet.

You collected 5060 gold pieces.
You spent 1296 gold pieces at shops.

Inventory:

Hand Weapons
 e - a +5 vampiric lajatang
 f - a +8 heavy broad axe
 A - the +8 mithril axe "Arga" (weapon) {speed, Will+}
   (You found it on level 2 of the Snake Pit)

   Will:      It increases your willpower.
 I - a +4 war axe of freezing
Missiles
 n - 9 javelins (quivered)
 s - 4 silver javelins
 E - 21 curare-tipped darts
 M - 3 datura-tipped darts
 Q - 24 boomerangs
 U - 5 throwing nets
Armour
 i - the +1 hat of Carved the Leaf {+Inv rElec rPois rF+}
   (You acquired it on level 12 of the Dungeon)

   rF:        It protects you from fire.
   rElec:     It insulates you from electricity.
   rPois:     It protects you from poison.
   +Inv:      It lets you turn invisible.
 u - a +0 hat of willpower (melded)
 z - a +2 pair of boots of flying (melded)
 O - a +2 pair of gloves of strength (melded)
 S - +5 gold dragon scales (melded)
 V - the +0 kite shield "Gaudalel" (worn) {Regen+}
   (Okawaru gifted it to you on level 13 of the Dungeon)

   Regen:     It increases your rate of health regeneration.
Jewellery
 b - an amulet of reflection (around neck)
 q - a ring of willpower (left branch)
 t - the ring of Fisiapaw (right branch) {rCorr Dex+7}
   (You found it on level 4 of the Lair of Beasts)

   [ring of resist corrosion]

   Dex:       It affects your dexterity (+7).
   rCorr:     It protects you from acid and corrosion.
 C - a ring of positive energy
Wands
 c - a wand of polymorph (18)
 o - a wand of paralysis (20)
 y - a wand of iceblast (27)
 D - a wand of acid (6)
 N - a wand of flame (5)
 R - a wand of mindburst (33)
Scrolls
 j - 2 scrolls of fear
 k - 14 scrolls of immolation
 m - 15 scrolls of teleportation
 x - 2 scrolls of magic mapping
 J - 2 scrolls of poison
 T - 6 scrolls of blinking
 W - 11 scrolls of identify
 X - 3 scrolls of fog
 Y - 3 scrolls of silence
Potions
 a - 2 potions of berserk rage
 d - 3 potions of heal wounds
 g - 7 potions of brilliance
 h - 3 potions of attraction
 l - a potion of resistance
 p - 5 potions of ambrosia
 r - 5 potions of mutation
 v - 2 potions of magic
 w - 18 potions of curing
 B - 3 potions of might
 F - 3 potions of haste
 G - 4 potions of cancellation
 H - 2 potions of lignification
 L - a potion of flight
 Z - 3 potions of invisibility
Miscellaneous
 K - a condenser vane
 P - a box of beasts


   Skills:
 + Level 19.2(24.2) Fighting
 - Level 18.0(23.0) Axes
 * Level 9.6(14.6) Throwing
 + Level 17.7(22.7) Armour
 + Level 17.6(22.6) Shields
 * Level 9.6 Invocations
 + Level 4.4 Evocations


You had 16 spell levels left.
You didn't know any spells.
Your spell library contained the following spells:

 Spells                   Type           Power      Damage    Failure   Level
 Apportation              Tloc           0%         N/A       50%         1
 Freeze                   Ice            0%         1d3       50%         1
 Magic Dart               Conj           0%         1d3       50%         1
 Necrotise                Necr           0%         1d4       50%         1
 Sandblast                Erth           0%         2d4       50%         1
 Shock                    Conj/Air       0%         1d3       50%         1
 Slow                     Hex            0%         N/A       50%         1
 Sting                    Tmut/Pois      0%         1d3       50%         1
 Cigotuvi's Dreadful Rot  Necr/Pois/Air  0%         N/A       65%         2
 Lesser Beckoning         Tloc           0%         N/A       65%         2
 Passwall                 Tmut/Erth      0%         N/A       65%         2
 Poisonous Vapours        Pois/Air       0%         N/A       65%         2
 Confusing Touch          Hex            0%         N/A       86%         3
 Dazzling Flash           Conj/Hex       0%         N/A       86%         3
 Frozen Ramparts          Ice            0%         1d1       86%         3
 Gell's Gravitas          Tloc           0%         N/A       86%         3
 Hailstorm                Conj/Ice       0%         3d3       86%         3
 Ignite Poison            Fire/Tmut/Pois 0%         N/A       86%         3
 Mephitic Cloud           Conj/Pois/Air  0%         N/A       86%         3
 Portal Projectile        Hex/Tloc       0%         N/A       86%         3
 Stone Arrow              Conj/Erth      0%         3d7       86%         3
 Swiftness                Air            0%         N/A       86%         3
 Teleport Other           Tloc           0%         N/A       86%         3
 Vampiric Draining        Necr           0%         2d6       86%         3
 Vhi's Electric Charge    Tloc/Air       0%         N/A       86%         3
 Airstrike                Air            0%         2d(0-16)  99%         4
 Anguish                  Hex/Necr       0%         N/A       99%         4
 Cause Fear               Hex            0%         N/A       99%         4
 Olgreb's Toxic Radiance  Pois           0%         N/A       99%         4
 Sticky Flame             Conj/Fire      0%         2d3       99%         4
 Agony                    Necr           0%         N/A       100%        5
 Alistair's Intoxication  Tmut/Pois      0%         N/A       100%        5
 Arcjolt                  Conj/Air       0%         1d10      100%        5
 Blade Hands              Tmut           0%         N/A       100%        5
 Borgnjor's Vile Clutch   Necr/Erth      0%         N/A       100%        5
 Freezing Cloud           Conj/Ice/Air   0%         6-21      100%        5
 Silence                  Hex/Air        0%         N/A       100%        5
 Eringya's Noxious Bog    Tmut/Pois      0%         N/A       100%        6
 Plasma Beam              Fire/Air       0%         2x1d11    100%        6
 Enfeeble                 Hex            0%         N/A       100%        7
 Ignition                 Fire           0%         3d3       100%        8
 Summon Small Mammal      Summ           Unusable   N/A       N/A         1
 Call Imp                 Summ           Unusable   N/A       N/A         2
 Tukima's Dance           Hex            Unusable   N/A       N/A         3

Dungeon Overview and Level Annotations

Branches:
Dungeon (15/15)            Temple (1/1) D:4            Lair (5/5) D:10
  Swamp (1/4) Lair:3        Snake (4/4) Lair:2        Slime (0/5) Lair:4
    Orc (2/2) D:11            Elf (0/3) Orc:2        Vaults (0/5) D:13
 Depths (0/4) D:15        Ossuary (visited)          Bailey (visited)
Gauntlet (visited)

Altars:
Ashenzari
Cheibriados
Dithmenos
Elyvilon
Fedhas
Gozag
Hepliaklqana
Kikubaaqudgha
Makhleb
Nemelex Xobeh
Okawaru
Qazlal
Ru
Sif Muna
Trog
Uskayaw
Vehumet
Wu Jian
Xom
Yredelemnul
Zin
The Shining One

Shops:
D:3 *   Orc:2 *[**   Snake:3 [:   Snake:4 ?:=(

Annotations:
D:1 2 transporters
Lair:2 exclusion: orange crystal statue
Snake:1 2 transporters, DeathPants's ghost, adept NaVM


Innate Abilities, Weirdness & Mutations

You are a tree.
Your roots penetrate the ground, keeping you stationary.
You cannot be teleported.
You are immune to unholy pain and torment.
Your maximum health is greatly increased.
Your equipment is partially melded.
((You have a pair of horns on your head.))
((You reflexively headbutt those who attack you in melee.))


Message History

You feel very sick.
The naga mage gestures at the nagaraja while chanting.
The nagaraja seems to grow toxic.
You block the nagaraja's attack. The nagaraja constricts you.
The naga warrior spits poison at you.
The splash of poison hits you but does no damage.
You block the nagaraja's attack.
The naga mage hits you but does no damage.
The nagaraja points at you and mumbles some strange words.
The bolt of poison hits you! You resist.
* * * LOW HITPOINT WARNING * * *
The bolt of poison hits the naga mage!
The nagaraja constricts you.
Really quaff the potion of lignification?
Uppercase [Y]es or [N]o only, please.
Really quaff the potion of lignification?
You turn into a tree.
Your +0 hat of willpower melds into your body.
Your +2 pair of gloves of strength melds into your body.
Your +2 pair of boots of flying melds into your body.
Your +5 gold dragon scales melds into your body.
You feel less strong-willed.
You feel weaker.
You float gracefully downwards.
Your roots penetrate the ground.
You feel very sick.
The naga mage no longer looks unusually strong.
The naga warrior no longer looks unusually strong.
You block the naga mage's attack.
The naga warrior hits you with a +0 war axe!
* * * LOW HITPOINT WARNING * * *
The nagaraja hits you with a +0 spear.
* * * LOW HITPOINT WARNING * * *
The nagaraja constricts you. You block the naga warrior's attack.
The nagaraja mumbles some strange words.
The nagaraja seems to speed up.
The nagaraja hits you with a +0 flail!
* * * LOW HITPOINT WARNING * * *
The naga mage spits poison at you.
The splash of poison hits you but does no damage.
You resist. You block the naga warrior's attack.
The nagaraja hits you with a +0 spear!!
You die...

##.# ........#.### ##.##
########..####....#
###..####......### #.^).#
#####..###...........### #....#
##.....##...............###....#
#...####.....#######.....##....#
##...####...###.....##.....#....#
#......#...##..NNN...##.....)...#
......##...#..N.♣N....##........#
.#....#...##...)###....##.......#
#.#...#.).#....# ##....##.....)#
...#..#..)#..N# ##...###...).#
.∩..###..)#... ##...###...).
...#..#...#.. #...# #...))
#.#).##..)## #...# #.....
.#...###.).# ##)).# #.....
......##...## #....# #...÷)


You could see 3 nagarajas, 2 naga warriors and a naga mage (fast, catching
breath).

Vanquished Creatures
  Gastronok (D:10)
  11 nagarajas
  2 minotaurs
  The ghost of kitsune the Basher, a journeyman GnRe of Yredelemnul (Orc:2)
  Snorg (Orc:1)
  An ettin (D:15)
  The ghost of Zimovirch the Skirmisher, a journeyman HuWn of Gozag (D:12)
  4 hydras
  An ogre mage (D:15)
  2 salamander tyrants
  7 centaur warriors
  7 anacondas
  A catoblepas (Lair:4)
  2 dancing weapons (D:13)
  10 death yaks
  2 boulder beetles (D:8)
  11 two-headed ogres
  The ghost of kougar the Thaumaturge, a journeyman DEFE of Sif Muna (Lair:2)
  13 naga sharpshooters
  A hell knight (D:15)
  12 naga warriors
  Urug (D:11)
  4 tengu warriors
  6 shock serpents
  A deep troll (D:15)
  3 skeletal warriors (D:14)
  3 skysharks
  6 salamander mystics
  An obsidian statue (D:14)
  4 bog bodies (Lair:3)
  2 naga ritualists
  2 wizards (D:15)
  3 orc knights
  Pikel (D:8)
  A necromancer (D:15)
  5 mana vipers
  3 ugly things (D:13)
  2 deep elf pyromancers
  2 orc sorcerers (Orc:2)
  8 cyclopes
  21 salamanders
  Maurice (D:8)
  25 elephants
  28 black mambas
  8 guardian serpents
  6 gargoyles
  19 naga magi
  14 cane toads
  A smoke demon (Gauntlet)
  A hellion (Gauntlet)
  2 minotaur zombies (Gauntlet)
  3 unseen horrors
  2 rime drakes
  A freezing wraith (D:14)
  6 kobold demonologists
  11 komodo dragons
  Grinder (D:6)
  6 polar bears
  6 trolls
  8 blink frogs
  5 hornets
  7 dream sheep (Lair:5)
  9 slime creatures (D:14)
  3 wraiths
  3 shadows
  6 wyverns
  12 spriggans (Lair:5)
  2 vampires
  A water elemental (D:11)
  6 basilisks
  A basilisk (shapeshifter) (D:8)
  39 yaks
  3 steam dragons
  12 vampire mosquitoes
  5 wargs
  44 nagas
  17 water moccasins
  A hell hound (Gauntlet)
  3 acid dragons
  3 ice beasts
  8 black bears
  36 orc warriors
  2 sky beasts (D:8)
  4 boggarts (Lair:5)
  45 wolves
  9 ogres
  A phantom (D:6)
  26 centaurs
  2 lemures (D:8)
  20 kobold brigands
  19 bullfrogs
  16 scorpions
  7 gnoll sergeants (Bailey)
  2 wights (D:8)
  5 killer bees (D:9)
  6 electric eels
  5 crimson imps
  3 quasits (D:14)
  7 jellies
  12 orc priests
  6 hounds
  3 human zombies (Ossuary)
  A sleepcap (D:8)
  Jessica (D:3)
  6 gnoll boudas
  2 iguanas
  19 orc wizards
  7 hell rats (Lair:4)
  6 scorpion zombies (Ossuary)
  3 mummies (Ossuary)
  23 gnolls
  7 adders
  A shadow imp (D:14)
  3 white imps
  3 ufetubi
  A worm (D:3)
  2 dart slugs
  72 orcs
  10 ball pythons
  10 endoplasms
  A giant cockroach (D:1)
  A gnoll zombie (Ossuary)
  11 hobgoblins
  6 jackals
  3 quokkas
  6 bats
  7 frilled lizards
  5 goblins
  4 goblin zombies (Ossuary)
  6 hobgoblin zombies (Ossuary)
  29 kobolds
  2 kobold zombies (Ossuary)
  6 orc zombies (Ossuary)
  6 rats
  2 bushes (D:14)
1018 creatures vanquished.

Vanquished Creatures (others)
  An unseen horror (D:8)
  51 fungi
  114 plants
166 creatures vanquished.

Grand Total: 1184 creatures vanquished

Notes
Turn   | Place    | Note
-------+----------+-------------------------------------------
     0 | D:1      | kougar the Minotaur Fighter began the quest for the Orb.
     0 | D:1      | Reached XP level 1. HP: 19/19 MP: 0/0
    93 | D:1      | Reached XP level 2. HP: 27/27 MP: 1/1
    97 | D:1      | Found a faded altar of an unknown god.
   599 | D:1      | Reached skill level 4 in Fighting
   704 | D:2      | Reached XP level 3. HP: 33/33 MP: 2/2
   877 | D:2      | Reached XP level 4. HP: 40/40 MP: 3/3
  1408 | D:3      | Found a snail-covered altar of Cheibriados.
  1681 | D:3      | Noticed Jessica
  1685 | D:3      | Killed Jessica
  1695 | D:3      | Found Nempye's General Store.
  1703 | D:3      | Bought a scroll of identify for 26 gold pieces
  1876 | D:3      | Reached XP level 5. HP: 47/47 MP: 4/4
  2355 | D:4      | Noticed a black bear
  2361 | D:4      | Killed a black bear
  2362 | D:4      | Reached skill level 5 in Fighting
  2362 | D:4      | Reached skill level 5 in Axes
  2362 | D:4      | Reached skill level 5 in Shields
  2362 | D:4      | Reached XP level 6. HP: 44/56 MP: 5/5
  2418 | D:4      | Found a staircase to the Ecumenical Temple.
  2430 | Temple   | Entered the Ecumenical Temple
  2679 | D:4      | Found a hazy altar of Hepliaklqana.
  2689 | D:4      | Reached skill level 5 in Armour
  3021 | D:5      | Entered Level 5 of the Dungeon
  3153 | D:5      | Reached XP level 7. HP: 61/61 MP: 6/6
  3576 | D:5      | Reached skill level 6 in Fighting
  3613 | D:5      | Reached XP level 8. HP: 65/70 MP: 7/7
  3649 | D:5      | Found an ancient bone altar of Kikubaaqudgha.
  3796 | D:5      | Identified the +0 trident "Pimao" {heavy, Dex+2}
  4374 | D:6      | Noticed Grinder
  4392 | D:6      | Found a sand-covered staircase.
  4397 | Ossuary  | Entered an ossuary
  4497 | Ossuary  | Reached skill level 7 in Fighting
  4648 | Ossuary  | Reached XP level 9. HP: 79/79 MP: 8/8
  4876 | D:6      | Reached skill level 10 in Axes
  4886 | D:6      | Killed Grinder
  5150 | D:6      | Reached skill level 8 in Fighting
  6246 | D:8      | Noticed a boulder beetle
  6275 | D:8      | Noticed Pikel
  6283 | D:8      | Killed Pikel
  6284 | D:8      | Reached XP level 10. HP: 64/90 MP: 9/9
  6374 | D:8      | Killed a boulder beetle
  6375 | D:8      | Reached skill level 9 in Fighting
  6612 | D:8      | Noticed a boulder beetle
  6625 | D:8      | Identified the +4 short sword "Akhlu" {speed, Stlth+}
  6632 | D:8      | Noticed a gargoyle
  6632 | D:8      | Noticed a two-headed ogre
  6633 | D:8      | Noticed Maurice
  6641 | D:8      | Killed a gargoyle
  6646 | D:8      | Killed a two-headed ogre
  6648 | D:8      | Killed Maurice
  6655 | D:8      | Killed a boulder beetle
  6659 | D:8      | Reached XP level 11. HP: 34/99 MP: 10/10
  6744 | D:8      | Reached skill level 10 in Fighting
  6883 | D:8      | Reached skill level 10 in Armour
  6996 | D:8      | Reached skill level 10 in Shields
  7015 | D:8      | Identified the +2 arbalest "Lifebane" {heavy, rElec rF+}
  7015 | D:8      | Identified the +3 trident "Beetlebane" {heavy, rElec rF-
                  | SInv}
  7035 | D:8      | Identified the staff of cold "Umoivyc" {rF+ rC+}
  7137 | D:8      | Found an iron altar of Okawaru.
  7145 | D:8      | Found a white marble altar of Elyvilon.
  7166 | D:8      | Became a worshipper of Warmaster Okawaru
  7981 | D:9      | Found a flagged portal.
  8001 | Bailey   | Entered a bailey
  8304 | Bailey   | HP: 4/100 [gnoll bouda/+0 halberd (7)]
  8309 | Bailey   | HP: 2/100 [gnoll/+0 halberd (3)]
  8335 | Bailey   | HP: 4/100 [gnoll/+0 trident (4)]
  8655 | Bailey   | Reached * piety under Okawaru
  8856 | D:9      | Found a stormy altar of Qazlal.
  9714 | D:9      | Found an opulent altar of Gozag.
  9965 | D:10     | Entered Level 10 of the Dungeon
 10085 | D:10     | Noticed a two-headed ogre
 10095 | D:10     | Killed a two-headed ogre
 10414 | D:10     | Reached ** piety under Okawaru
 10490 | D:10     | Found a staircase to the Lair.
 10495 | D:10     | Reached skill level 11 in Fighting
 10655 | D:10     | Reached *** piety under Okawaru
 10773 | D:10     | Noticed a two-headed ogre
 10796 | D:10     | Killed a two-headed ogre
 10802 | D:10     | Noticed Gastronok
 10820 | D:10     | Killed Gastronok
 10821 | D:10     | Reached skill level 15 in Axes
 10821 | D:10     | Reached XP level 12. HP: 83/110 MP: 11/11
 11084 | Lair:1   | Entered Level 1 of the Lair of Beasts
 11577 | Lair:1   | Reached **** piety under Okawaru
 12228 | Lair:2   | Reached ***** piety under Okawaru
 12229 | Lair:2   | Reached skill level 12 in Fighting
 12761 | Lair:2   | Found a transporter.
 12765 | Lair:2   | Noticed kougar's ghost (journeyman DEFE)
 12768 | Lair:2   | Noticed a death yak
 12878 | Lair:2   | Found a transporter.
 13126 | Lair:2   | Killed kougar's ghost
 13132 | Lair:2   | Reached XP level 13. HP: 57/119 MP: 10/12
 13136 | Lair:2   | Reached ****** piety under Okawaru
 13366 | Lair:2   | Found a staircase to the Snake Pit.
 13383 | Lair:2   | Received a gift from Okawaru
 14491 | Lair:3   | Reached skill level 13 in Fighting
 14575 | Lair:3   | Received a gift from Okawaru
 14675 | Lair:3   | Found a staircase to the Swamp.
 15574 | Lair:4   | Found a transporter.
 15604 | Lair:4   | Received a gift from Okawaru
 15963 | Lair:4   | Reached XP level 14. HP: 129/130 MP: 9/13
 16070 | Lair:4   | Reached skill level 14 in Fighting
 16150 | Lair:4   | Found a transporter.
 16180 | Lair:4   | Found a staircase to the Slime Pits.
 16581 | Lair:4   | Identified the ring of Fisiapaw {rCorr Dex+7}
 16597 | Lair:5   | Entered Level 5 of the Lair of Beasts
 16629 | Lair:4   | Received a gift from Okawaru
 16902 | Lair:5   | Received a gift from Okawaru
 17685 | Lair:5   | Reached skill level 15 in Fighting
 17801 | Lair:5   | Reached skill level 15 in Armour
 17808 | Lair:5   | Identified the +0 robe of the Nine Places {rCorr Int+3
                  | Archmagi} (Okawaru gifted it to you on level 5 of the Lair
                  | of Beasts)
 17808 | Lair:5   | Received a gift from Okawaru
 17814 | Lair:5   | Reached skill level 15 in Shields
 17832 | Lair:5   | Identified the staff of air "Apsity" {Fly rElec Int+6}
 18850 | D:11     | Found a staircase to the Orcish Mines.
 18856 | Orc:1    | Entered Level 1 of the Orcish Mines
 19093 | Orc:2    | Entered Level 2 of the Orcish Mines
 19107 | Orc:2    | Found a staircase to the Elven Halls.
 19164 | Orc:2    | Found a gate leading to a gauntlet.
 19172 | Orc:2    | Found a runed translucent gate.
 19172 | Orc:2    | Found a runed translucent gate.
 19174 | Orc:2    | Found a runed translucent gate.
 19176 | Gauntlet | Entered a Gauntlet
 19176 | Gauntlet | Found a transporter.
 19176 | Gauntlet | Found a transporter.
 19176 | Gauntlet | Found a transporter.
 19202 | Gauntlet | Found a transporter.
 19265 | Gauntlet | Found a transporter.
 19265 | Gauntlet | Found a transporter.
 19302 | Gauntlet | Found a transporter.
 19313 | Gauntlet | Noticed a reaper
 19323 | Gauntlet | Identified the +1 hat of Zin's Pride {rPois Dex+4}
 19331 | Gauntlet | Found a transporter.
 19607 | Orc:2    | Noticed kitsune's ghost (journeyman GnRe)
 19652 | Orc:2    | Killed kitsune's ghost
 20134 | Orc:2    | Reached XP level 15. HP: 143/143 MP: 11/14
 20246 | Orc:2    | Found Sury's Assorted Antiques.
 20246 | Orc:2    | Found Yfewkevvux's Armour Boutique.
 20248 | Orc:2    | Found Sof Sokk's General Store.
 20250 | Orc:2    | Found Senaz's Assorted Antiques.
 20739 | Orc:1    | Noticed Snorg
 20747 | Orc:1    | Killed Snorg
 20748 | Orc:1    | Reached skill level 16 in Fighting
 21417 | D:3      | Bought a scroll of acquirement for 676 gold pieces
 21417 | D:3      | Acquired 808 gold pieces
 21419 | D:3      | Acquired a manual of Fighting
 21421 | D:3      | Acquired 1133 gold pieces
 21696 | Swamp:1  | Entered Level 1 of the Swamp
 21882 | D:11     | Identified the +4 war axe of Faiwau {venom, Int+3} (Okawaru
                  | gifted it to you on level 11 of the Dungeon)
 21882 | D:11     | Received a gift from Okawaru
 21913 | D:11     | Noticed Urug
 21922 | D:11     | Killed Urug
 21923 | D:11     | Reached skill level 1 in Throwing
 21923 | D:11     | Reached skill level 1 in Invocations
 23213 | D:12     | Acquired the +1 hat of Carved the Leaf {+Inv rElec rPois
                  | rF+}
 23411 | D:12     | Found a runed translucent gate.
 23411 | D:12     | Noticed Zimovirch's ghost (journeyman HuWn)
 23413 | D:12     | Found a runed translucent gate.
 23414 | D:12     | Found a runed translucent gate.
 23428 | D:12     | Killed Zimovirch's ghost
 23753 | D:13     | Identified the +0 kite shield "Gaudalel" {Regen+} (Okawaru
                  | gifted it to you on level 13 of the Dungeon)
 23753 | D:13     | Received a gift from Okawaru
 24013 | D:13     | You are sucked into a shaft and drop 2 floors!
 24013 | D:15     | Entered Level 15 of the Dungeon
 24454 | D:13     | Found a gate to the Vaults.
 24477 | D:13     | Reached skill level 17 in Fighting
 24972 | D:14     | Reached skill level 5 in Throwing
 24972 | D:14     | Reached skill level 5 in Invocations
 25260 | D:14     | Received a gift from Okawaru
 25867 | D:15     | Reached XP level 16. HP: 67/155 MP: 16/19
 26016 | D:15     | Found a staircase to the Depths.
 26395 | D:15     | Found a sacrificial altar of Ru.
 26596 | Snake:1  | Entered Level 1 of the Snake Pit
 26602 | Snake:1  | Found a glowing silver altar of Zin.
 26637 | Snake:1  | Noticed DeathPants's ghost (adept NaVM)
 27004 | Snake:1  | Reached skill level 1 in Evocations
 27117 | Snake:1  | Received a gift from Okawaru
 27173 | Snake:1  | Found a transporter.
 27190 | Snake:1  | Found a bloodstained altar of Trog.
 27198 | Snake:1  | Found a transporter.
 27505 | Snake:2  | Found the +8 mithril axe "Arga" {speed, Will+}
 27745 | Snake:2  | Reached skill level 18 in Fighting
 28329 | Snake:3  | Received a gift from Okawaru
 28638 | Snake:3  | Found Olabior's Book Shop.
 28642 | Snake:3  | Found Gytuhaul's Armour Boutique.
 28948 | Snake:4  | Entered Level 4 of the Snake Pit
 28948 | Snake:4  | Found Elulaxzu's Book Boutique.
 28973 | Snake:4  | Identified the +1 war axe of Dim Light {freeze, MP+9 Str+4
                  | Int-3 Dex+3} (Okawaru gifted it to you on level 4 of the
                  | Snake Pit)
 28973 | Snake:4  | Received a gift from Okawaru
 29034 | Snake:4  | Found Bimad's Magic Scroll Emporium.
 29044 | Snake:4  | Bought a scroll of blinking for 135 gold pieces
 29044 | Snake:4  | Bought a scroll of teleportation for 54 gold pieces
 29044 | Snake:4  | Bought a scroll of enchant weapon for 135 gold pieces
 29044 | Snake:4  | Bought a scroll of blinking for 135 gold pieces
 29044 | Snake:4  | Bought a scroll of enchant armour for 135 gold pieces
 29111 | Snake:4  | Reached XP level 17. HP: 154/166 MP: 22/22
 29209 | Snake:4  | Found Detuejao's Jewellery Shoppe.
 29289 | Snake:4  | Found Salyd's Weapon Boutique.
 29299 | Snake:4  | Found a hide-covered altar of Uskayaw.
 29523 | Snake:4  | Identified the +4 tower shield "Ibbex" {rC+} (Okawaru
                  | gifted it to you on level 4 of the Snake Pit)
 29523 | Snake:4  | Received a gift from Okawaru
 29776 | Snake:4  | Reached skill level 19 in Fighting
 29804 | Snake:4  | Got a serpentine rune of Zot
 30047 | Snake:4  | Mangled by a nagaraja

Illustrated notes

Levels and vault maps discovered:
D:1:      spicycebolla_arrival_transporter_tutorial, layout_loops_ring,
          hellmonk_ecumenical_altar_run_dry, serial_park_tiny_2,
          hangedman_decor_push
D:2:      minmay_spotlight, layout_basic, chequers_serial_rivers_micro_d
D:3:      minmay_door_path, layout_loops_ring, slow_altar_2, serial_shops, shop,
          kennysheep_cluttered_room, grunt_decor_mini_mirrors, uniq_jessica
D:4:      layout_gridville, mainiacjoe_overflow_brackets,
          minmay_temple_entry_statues_pillars
D:5:      minmay_skewed_foursquare, layout_loops_corners,
          lemuel_coloured_pillars_altar
D:6:      layout_rooms, enter_ossuary_2, uniq_grinder
D:7:      layout_gridville
D:8:      minmay_the_grid_octo_tiled_squarecenter [minmay_the_grid_octo_chip,
          minmay_the_grid_octo_focus, minmay_the_grid_octo_fan_narrow,
          minmay_the_grid_octo_fat_diamond,
          minmay_the_grid_square_5x5_megaprize_checkered,
          minmay_the_grid_square_5x5_percent,
          minmay_the_grid_square_5x5_eight_small,
          minmay_the_grid_square_5x5_minivault,
          minmay_the_grid_square_5x5_eight], layout_rooms,
          mainiacjoe_overflow_catwalk_spiral, minmay_misc_feat_tiny,
          eino_small_chamber_without_monster, uniq_pikel, uniq_maurice
D:9:      layout_basic, nicolae_qazlal_style_of_elements,
          grunt_gozag_breadcrumbs, enter_bailey_4, serial_park_tiny_pond,
          minmay_variable_closet
D:10:     layout_irregular_city, minmay_lair_entry_grove, evilmike_butchery,
          uniq_gastronok
D:11:     layout_rooms, orc_0_dummy, grunt_ministairs_12, water_boxes_lemuel,
          uniq_urug
D:12:     layout_cave_pools, gammafunk_ghost_nasty_kobolds
D:13:     layout_basic, erik_vaults_1
D:14:     kennysheep_kobold_grotto, layout_loops_ring,
          hangedman_decor_peaks_small
D:15:     hangedman_depths_entry_civil_slaughter, layout_long_grid,
          nicolae_ru_the_path_less_chosen
Temple:   bh_familiar_temple
Lair:1:   layout_hall_layers
Lair:2:   layout_cave_pods, minmay_snake_entry_guardpost_large,
          gammafunk_ghost_arena, chequers_serial_rivers_large_a, disabler_island
Lair:3:   layout_gridlike, nicolae_swamp_entry_splash_gauntlet
Lair:4:   gammafunk_worm_tunnel, layout_gridlike, nicolae_slime_entry_field_trip
Lair:5:   minmay_lair_end_enchanted_forest, layout_gridlike, serial_rivers,
          chequers_serial_rivers_micro_e, chequers_serial_rivers_micro_a,
          chequers_serial_rivers_micro_e, chequers_serial_rivers_small_a,
          gammafunk_lair_bear_cave, infiniplex_staircase_pool
Swamp:1:  layout_basic_swamp, hangedman_swamp_cone
Snake:1:  layout_onion, basic_altar, gammafunk_ghost_wrathful_warriors,
          grunt_megastairs_4
Snake:2:  layout_layer_cave, grunt_megastairs_2, lemuel_fruit_tree
Snake:3:  layout_rooms, minmay_shoptagon, serial_bayou_shore_b
Snake:4:  grunt_snake_rune_spirals, layout_onion, serial_shops,
          nicolae_shop_hallway_plus, shop, nicolae_diamond_shop,
          nicolae_shop_advertising_works [nicolae_subvault_shop_adworks],
          special_room, basic_altar
Orc:1:    layout_diamond_mine, serial_shops, uniq_snorg
Orc:2:    st_orc_rangers, layout_diamond_mine, gauntlet_entry_generic,
          maelrawn_ghost_gauntlet_escape, basic_altar

Skill      XL: |  1  2  3  4  5  6  7  8  9 10 11 12 13 14 15 16 17 |
---------------+----------------------------------------------------+-----
Axes           | 3 4 5 6 7 9 11 13 15 16 18 | 18.0
Fighting       | 4 5 6 7 8 9 11 12 13 15 17 18 19 | 19.2
Armour         | 4 5 6 7 8 9 11 12 13 15 16 17 | 17.7
Shields        | 4 5 6 7 8 9 11 12 13 15 16 17 | 17.6
Throwing       | 5 8 9 |  9.6
Invocations    | 5 8 9 |  9.6
Evocations     | 3 4 |  4.4

Action                     |  1- 3 |  4- 6 |  7- 9 | 10-12 | 13-15 | 16-18 || total
---------------------------+-------+-------+-------+-------+-------+-------++-------
  Melee: War axe           |    76 |    96 |   300 |   706 |   240 |       ||  1418
         Headbutt          |     7 |    19 |    66 |   188 |   210 |   121 ||   611
         Broad axe         |       |       |       |       |   732 |   534 ||  1266
         Whip              |       |       |       |       |    32 |       ||    32
  Throw: Dart              |       |       |     1 |     3 |       |     1 ||     5
         Javelin           |       |       |       |       |       |     4 ||     4
 Invoke: Heroism           |       |       |       |     3 |     4 |     2 ||     9
  Evoke: Wand              |       |       |       |     1 |       |       ||     1
    Use: Scroll            |       |     7 |     5 |    15 |    21 |     4 ||    52
         Potion            |       |     1 |     1 |     5 |     2 |     2 ||    11
 Armour: Scale mail        |    32 |    22 |       |       |       |       ||    54
         Plate armour      |       |    15 |   226 |    53 |       |       ||   294
         Gold dragon scale |       |       |       |   277 |   583 |   175 ||  1035
         Skin              |       |       |       |       |       |     1 ||     1
  Dodge: Dodged            |    50 |    43 |   117 |   150 |   172 |    69 ||   601
  Block: Buckler           |    17 |    25 |    91 |   379 |   663 |       ||  1175
         Reflection        |       |       |       |     3 |    87 |    92 ||   182
         Kite shield       |       |       |       |       |   162 |   507 ||   669

Table legend: (Time is in decaauts)
 A = Elapsed time spent in this place.
 B = Non-inter-level travel time spent in this place.
 C = Inter-level travel time spent in this place.
 D = Time resting spent in this place.
 E = Time spent auto-exploring this place.
 F = Levels seen in this place.
 G = Mean time per level.
                   A        B        C        D        E       F      G
               +--------+--------+--------+--------+--------+-----+--------+
         Total |  29821 |  28140 |   1681 |   3838 |  17514 |  31 |  962.0 |
       Dungeon |  14734 |  13755 |    979 |   1366 |   9475 |  15 |  982.3 |
        Temple |    186 |    186 |      0 |      0 |    152 |   1 |  186.0 |
          Lair |   7969 |   7517 |    452 |   1303 |   4697 |   5 | 1593.8 |
         Swamp |      1 |      0 |      1 |      0 |      0 |   1 |    1.0 |
     Snake Pit |   3263 |   3122 |    141 |    204 |   1833 |   4 |  815.8 |
  Orcish Mines |   1953 |   1847 |    106 |    291 |   1055 |   2 |  976.5 |
       Ossuary |    470 |    470 |      0 |      0 |    181 |   1 |  470.0 |
        Bailey |    807 |    807 |      0 |    460 |     65 |   1 |  807.0 |
      Gauntlet |    433 |    433 |      0 |    214 |     56 |   1 |  433.0 |
               +--------+--------+--------+--------+--------+-----+--------+

Top non-repeatable levels by time:
  Lair:5: 2139 daAuts
  Lair:2: 2019 daAuts
     D:8: 1751 daAuts
  Lair:3: 1451 daAuts
   Orc:2: 1306 daAuts
     D:5: 1280 daAuts
  Lair:4: 1227 daAuts
     D:9: 1211 daAuts
    D:10: 1199 daAuts
  Lair:1: 1132 daAuts
    D:14: 1076 daAuts
     D:7: 1051 daAuts
 Snake:4: 990 daAuts
     D:3: 979 daAuts
    D:12: 944 daAuts
